 Dungeon Crawl Stone Soup version 0.18-a0-1396-g8753ca6 (webtiles) character file.

158 dvd the Cudgeler (level 5, -3/55 HPs)
             Began as an Ogre Berserker on Feb 24, 2016.
             Was a Believer of Trog.
             Slain by an orc
             ... wielding a +0 whip
              (4 damage)
             ... on level 3 of the Dungeon.
             The game lasted 00:06:19 (2826 turns).

dvd the Cudgeler (Ogre Berserker)                   Turns: 2826, Time: 00:06:19

Health: -3/55      AC:  3    Str: 23    XL:     5   Next: 40%
Magic:  5/5        EV:  8    Int:  6    God:    Trog [**....]
Gold:   66         SH:  7    Dex:  9    Spells: 0 memorised, 4 levels left

rFire  . . .     SeeInvis .     a - +0 mace
rCold  . . .     Gourm    .     b - +0 animal skin
rNeg   . . .     Faith    .     p - +0 shield
rPois  .         Spirit   .     (helmet restricted)
rElec  .         Dismiss  .     (no cloak)
rCorr  +         Reflect  .     (gloves unavailable)
SustAt .         Harm     .     (boots unavailable)
MR     .....                    (no amulet)
Stlth  +.........               (no ring)
                                o - ring of resist corrosion

@: not resistant to hostile enchantments, very unstealthy
A: unfitting armour, tough skin 1
a: Berserk, Trog's Hand, Burn Spellbooks, Renounce Religion


You were on level 3 of the Dungeon.
You worshipped Trog.
Trog was pleased with you.
You were not hungry.

You visited 1 branch of the dungeon, and saw 3 of its levels.

You collected 66 gold pieces.

Inventory:

Hand Weapons
 a - a +0 mace (weapon)
Missiles
 e - 96 stones (quivered)
Armour
 b - a +0 animal skin (worn)
 p - a +0 shield (worn)
Jewellery
 o - a ring of resist corrosion (left hand)
Wands
 r - a wand of acid (8/15)
Scrolls
 j - 2 scrolls of enchant armour {unknown}
 l - a scroll of remove curse {unknown}
 m - 4 scrolls of identify {unknown}
 n - a scroll of amnesia {unknown}
Potions
 d - a potion of curing
 f - a potion of haste {unknown}
 g - a potion of degeneration {unknown}
 h - a potion of ambrosia {unknown}
 k - a potion of lignification {unknown}
 q - a potion of resistance {unknown}
Comestibles
 c - 2 bread rations
 i - 2 chunks of flesh


   Skills:
 + Level 4.9 Fighting
 + Level 5.1 Maces & Flails
 + Level 4.3 Dodging
 + Level 0.3 Stealth


You had 4 spell levels left.
You didn't know any spells.

Dungeon Overview and Level Annotations

Branches:
Dungeon (3/15)

Altars:
Trog


Innate Abilities, Weirdness & Mutations

You are too large for most types of armour.
You have tough skin (AC +1).


Message History

The phantom is almost destroyed.
You block the phantom's attack.
Your shield prevents you from hitting the phantom.
The phantom is almost destroyed.
The phantom hits you.
* * * LOW HITPOINT WARNING * * *
The phantom misses you.
You hit the phantom but do no damage.
The phantom is almost destroyed.
The phantom barely misses you.
You barely miss the phantom.
The phantom is almost destroyed.
The phantom hits you!
* * * LOW HITPOINT WARNING * * *
The phantom blinks!
The orc hits you with a whip.
* * * LOW HITPOINT WARNING * * *
You closely miss the orc. You block the orc's attack.
The orc hits you with a whip.
You die...

.........
.%..(...>...# .
...........# ..#
##.......... ..
##..........
###.###.......$.####
#.._..#..†..........
#.@.........# #####
###o........##.....
#............#
##.W..<.....##
#.......†..##
###..........# #
.#............#..
..................
..#...............


You could see a phantom and an orc.

Vanquished Creatures
  Natasha (thrice) (D:2)
  3 adders (D:2)
  A dart slug (D:2)
  3 giant geckos (D:1)
  7 bats
  3 giant cockroaches
  9 goblins
  5 hobgoblins
  4 giant newts
  12 kobolds
  8 rats
  4 plants (D:1)
62 creatures vanquished.

Vanquished Creatures (others)
  A plant (D:1)
1 creature vanquished.

Grand Total: 63 creatures vanquished

Notes
Turn   | Place    | Note
--------------------------------------------------------------
     0 | D:1      | dvd the Ogre Berserker began the quest for the Orb.
     0 | D:1      | Reached XP level 1. HP: 24/24 MP: 1/1
   187 | D:1      | Reached XP level 2. HP: 32/32 MP: 2/2
   670 | D:1      | HP: 1/32 [hobgoblin (2)]
   982 | D:1      | Reached XP level 3. HP: 25/39 MP: 3/3
  1134 | D:1      | Reached ** piety under Trog
  1846 | D:2      | Noticed Natasha
  1859 | D:2      | Killed Natasha
  1859 | D:2      | Reached XP level 4. HP: 18/49 MP: 4/4
  1929 | D:2      | Noticed Natasha
  1936 | D:2      | Killed Natasha
  1982 | D:2      | Noticed Natasha
  1988 | D:2      | Killed Natasha
  1988 | D:2      | Reached skill level 5 in Maces & Flails
  2055 | D:2      | Reached XP level 5. HP: 24/55 MP: 5/5
  2749 | D:3      | Noticed a phantom
  2771 | D:3      | Found a bloodstained altar of Trog.
  2825 | D:3      | HP: 1/55 [orc/whip (6)]
  2826 | D:3      | Slain by an orc

Vault maps used:
D:1:      sevenhm_arrival_forest_fort_small_3, minmay_misc_feat_x,
          lexackson_kobold_supper
D:2:      first_bread, uniq_natasha
D:3:      grunt_temple_overflow_order_and_chaos_2, lemuel_crystal_altar,
          ecumenical_altar_1, elyvilon_altar_1, uniq_jessica

Skill      XL: |  1  2  3  4 |
---------------+-------------+-----
Dodging        | 3 4 |  4.3
Maces & Flails | 5 |  5.1
Fighting       | |  4.9
Stealth        | |  0.3

Action                   |  1- 3 |  4- 6 || total
-------------------------+-------+-------++-------
Melee: Mace              |   231 |    87 ||   318
Invok: Berserk           |     2 |     2 ||     4
       Trog's Hand       |       |     2 ||     2
  Use: Potion            |     1 |       ||     1
 Stab: Sleeping          |       |     1 ||     1
  Eat: Chunk             |     4 |     2 ||     6
       Meat ration       |       |     1 ||     1
